 Dungeon Crawl Stone Soup version 0.21.0 (webtiles) character file.

12 tidbits the Sneak (level 2, -3/11 HPs)
             Began as a Felid Air Elementalist on Jan 7, 2018.
             Slain by Terence
             ... wielding a +0 hand axe
              (5 damage)
             ... on level 2 of the Dungeon.
             The game lasted 00:02:32 (290 turns).

tidbits the Sneak (Felid Air Elementalist)           Turns: 290, Time: 00:02:33

Health: -3/11      AC:  1    Str:  4    XL:     2   Next: 20%
Magic:  1/6        EV: 18    Int: 21    God:
Gold:   100        SH:  0    Dex: 16    Spells: 4/5 levels left
                                        Lives:  0   Deaths: 0

rFire    . . .     SeeInvis +   (weapon unavailable)
rCold    . . .     Gourm    .   (shield unavailable)
rNeg     . . .     Faith    .   (armour unavailable)
rPois    .         Spirit   .   (helmet unavailable)
rElec    .         Reflect  .   (cloak unavailable)
rCorr    .         Harm     .   (gloves unavailable)
MR       .....                  (boots unavailable)
Stlth    ++++......             (no amulet)
HPRegen  0.03/turn              (no ring)
MPRegen  0.10/turn              (no ring)

@: brilliant, very slightly contaminated, quick
A: very small, no armour, no weapons or thrown items, stealth, claws 1, fangs 3,
camouflage 1, see invisible, carnivore, deterioration 1, speed 1, shaggy fur 1,
slow metabolism 1, wild magic 1, MP-powered wands, sharp paws
a: no special abilities


You were on level 2 of the Dungeon.
You were not hungry.

You visited 1 branch of the dungeon, and saw 2 of its levels.

You collected 100 gold pieces.

Inventory:

Scrolls
 h - a scroll of random uselessness {unknown}
 i - a scroll of magic mapping {unknown}
Books
 a - a book of Air

   Spells                             Type                      Level
   a - Shock                          Conjuration/Air              1
   b - Swiftness                      Charms/Air                   2
   c - Static Discharge               Conjuration/Air              3
   d - Airstrike                      Air                          4
   e - Lightning Bolt                 Conjuration/Air              5
Comestibles
 b - 2 rations


   Skills:
 - Level 2.6 Dodging
 + Level 4.2 Stealth
 - Level 2.0 Spellcasting
 - Level 0.8 Conjurations
 - Level 2.6 Air Magic


You had 4 spell levels left.
You knew the following spells:

 Your Spells              Type           Power        Failure   Level  Hunger
a - Shock                 Conj/Air       ####         1%          1    #......


Dungeon Overview and Level Annotations

Branches:
Dungeon (2/15)

Altars:

Annotations:
D:2 Terence


Innate Abilities, Weirdness & Mutations

You cannot wear armour.
You are incapable of wielding weapons or throwing items.
Your paws allow you to move quietly. (Stealth)
You have sharp claws.
You have razor-sharp teeth.
You have supernaturally acute eyesight. (SInv)
You are carnivorous and can eat meat at any time.
You cover ground quickly.
You are covered in fur. (AC +1)
You have a slow metabolism.
Your sharp claws are effective at attacking unaware monsters.
Your skin changes colour to match your surroundings (Stealth+).
Your body sometimes deteriorates upon taking damage.
Your spells are a little harder to cast, but a little more powerful.
You expend magic power (3 MP) to strengthen your wands.


Message History

g - a scroll labeled BUBOEB SABIH A kobold comes into view.
It is wielding a whip.
You see here a scroll labeled ONGEGROTOZI.
There are no items here.
You see here a scroll labeled ONGEGROTOZI.
h - a scroll labeled ONGEGROTOZI
There is a stone staircase leading down here.
You climb downwards.
Found 13 gold pieces.
There is a stone staircase leading up here.
You now have 100 gold pieces (gained 13).
Found a scroll labeled WERIWI ZICOPS.
i - a scroll labeled WERIWI ZICOPS Terence the Incautious comes into view.
He is wielding a hand axe.
Casting: Shock
Confirm with . or Enter, or press ? or * to list all spells.
Aiming: Shock
Press: ? - help, Shift-Dir - straight line, f - Terence
Aim: Terence, wielding a hand axe and wearing a chain mail (resting)
The zap hits Terence.
Terence is lightly wounded.
Terence shouts!
Okay, then.
Casting: Shock
Confirm with . or Enter, or press ? or * to list all spells.
Aiming: Shock
Press: ? - help, Shift-Dir - straight line, p - Terence The zap hits Terence.
Terence appears unharmed.
Terence is lightly wounded.
The zap misses Terence.
Casting: Shock
Confirm with . or Enter, or press ? or * to list all spells.
Aiming: Shock
Press: ? - help, Shift-Dir - straight line The zap hits Terence.
Terence appears unharmed.
Terence is lightly wounded.
The zap hits Terence.
Terence appears unharmed.
Terence is lightly wounded.
Casting: Shock
Confirm with . or Enter, or press ? or * to list all spells.
Aiming: Shock
Press: ? - help, Shift-Dir - straight line You miscast Shock.
You are very lightly contaminated with residual magic.
Nothing appears to happen.
Terence barely misses you.
Casting: Shock
Confirm with . or Enter, or press ? or * to list all spells.
Aiming: Shock
Press: ? - help, Shift-Dir - straight line The zap hits Terence.
Terence is moderately wounded.
The zap hits Terence.
Terence is moderately wounded.
Terence hits you with a hand axe.
Casting: Shock
Confirm with . or Enter, or press ? or * to list all spells.
Aiming: Shock
Press: ? - help, Shift-Dir - straight line The zap hits Terence.
Terence appears unharmed.
Terence is moderately wounded.
The zap hits Terence.
Terence appears unharmed.
Terence is moderately wounded.
Terence hits you with a hand axe.
Unknown command.
It was a potion of brilliance.
You feel clever all of a sudden. Terence completely misses you.
Casting: Shock
Confirm with . or Enter, or press ? or * to list all spells.
Aiming: Shock
Press: ? - help, Shift-Dir - straight line The zap misses Terence.
The zap hits Terence.
Terence is moderately wounded.
Casting: Shock
Confirm with . or Enter, or press ? or * to list all spells.
You don't have enough magic to cast that spell.
Okay, then.
It was a potion of mutation.
You feel extremely strange.
You feel your magical essence link to your wands.
Your skin functions as natural camouflage.
You feel yourself wasting away.
You feel less in control of your magic. Terence hits you with a hand axe.
* * * LOW HITPOINT WARNING * * *
Okay, then.
There isn't anything here!
Unknown command.
As you read the scroll labeled IWACVEATOTZ, it crumbles to dust.
You hear a loud clanging noise!
It was a scroll of noise.
As you read the scroll labeled ITWELAU BUASA, it crumbles to dust.
It is a scroll of enchant weapon.
You aren't carrying any weapons that can be enchanted.
Terence hits you with a hand axe.
* * * LOW HITPOINT WARNING * * *
Okay, then.
As you read the scroll labeled BUBOEB SABIH, it crumbles to dust.
The scroll dissolves into smoke.
It was a scroll of fog.
Terence hits you with a hand axe.
You die...

### #@# #@# #ยง#
#.# #.# #.#
#.########
#.......<#
#..#######.######


You could see Terence.

Vanquished Creatures
  4 giant cockroaches (D:1)
  A bat (D:1)
  A frilled lizard (D:1)
  3 goblins (D:1)
  2 kobolds (D:1)
11 creatures vanquished.

Notes
Turn   | Place    | Note
-------+----------+-------------------------------------------
     0 | D:1      | tidbits the Felid Air Elementalist began the quest for the Orb.
     0 | D:1      | Reached XP level 1. HP: 7/7 MP: 4/4
    68 | D:1      | Reached skill level 3 in Stealth
   145 | D:1      | Reached skill level 4 in Stealth
   145 | D:1      | Reached XP level 2. HP: 8/11 MP: 1/6
   263 | D:2      | Noticed Terence
   283 | D:2      | Gained mutation: You expend magic power (3 MP) to strengthen your wands. [potion of mutation]
   283 | D:2      | Gained mutation: Your skin changes colour to match your surroundings (Stealth+). [potion of mutation]
   283 | D:2      | Gained mutation: Your body sometimes deteriorates upon taking damage. [potion of mutation]
   283 | D:2      | Gained mutation: Your spells are a little harder to cast, but a little more powerful. [potion of mutation]
   290 | D:2      | Slain by Terence

Skill      XL: |  1 |
---------------+----+-----
Stealth        | 4 |  4.2
Dodging        | |  2.6
Spellcasting   | |  2.0
Conjurations   | |  0.8
Air Magic      | |  2.6

Action                   || total
-------------------------++-------
Melee: Unarmed           ||    18
       Bite              ||     1
 Cast: Shock             ||    17
  Use: Scroll            ||     3
       Potion            ||     2
 Stab: Sleeping          ||     2
Armor: Skin              ||     1
Dodge: Dodged            ||    21

Table legend:
 A = Turns spent in this place as a percentage of turns spent in the entire game.
 B = Non-inter-level travel turns spent in this place as a percentage of non-inter-level travel turns spent in the entire game.
 C = Inter-level travel turns spent in this place as a percentage of turns spent in this place.
 D = Turns resting spent in this place as a percentage of non-inter-level travel turns spent in this place.
 E = Turns spent auto-exploring this place as a percentage of non-inter-level travel turns spent in this place.
 F = Non-inter-level travel turns spent in this place divided by the number of levels of this place that you've seen.
                   A       B       C       D       E      F
               +-------+-------+-------+-------+-------+----------------------
         Total | 100.0 | 100.0 |   0.0 |   0.0 |   4.8 | 145.0
       Dungeon | 100.0 | 100.0 |   0.0 |   0.0 |   4.8 | 145.0
               +-------+-------+-------+-------+-------+----------------------

Table legend:
 A = Kills in this place as a percentage of kills in entire the game.
 B = Kills by you in this place as a percentage of kills by you in the entire game.
 C = Kills by friends in this place as a percentage of kills by friends in the entire game.
 D = Other kills in this place as a percentage of other kills in the entire game.
 E = Experience gained in this place as a percentage of experience gained in the entire game.
 F = Experience gained in this place divided by the number of levels of this place that you have seen.
                   A       B       C       D       E      F
               +-------+-------+-------+-------+-------+----------------------
         Total | 100.0 | 100.0 |   N/A |   N/A | 100.0 |   9.0
       Dungeon | 100.0 | 100.0 |   N/A |   N/A | 100.0 |   9.0
               +-------+-------+-------+-------+-------+----------------------

Vault maps used:
D:1:      dpeg_arrival_water_temple_mockup
D:2:      minmay_wonky_spiral, first_ration, uniq_terence, uniq_robin
